Map: 雷鳥 - 天梯版

Players

ShoWTimE

  • Race: Protoss Protoss
  • Spawn Location: 5:00

ButAlways - Winner!

  • Race: Protoss Protoss
  • Spawn Location: 11:00

Event: 2019 WCS Summer

VOD

Have the link to the VOD?

Description

Time

  • Played on: July 12, 2019, 1:16 p.m.
  • Length: 5:52

All games in this series

Show
View Real Time Build Order
Export as new Build Order

ShoWTimE Protoss 

Build Orders: Oracle Opening 

Get SALT Encoding   

  12  0:00  Probe  
  13  0:12  Probe  
  14  0:16  Pylon  
  14  0:24  Probe  
  15  0:32  Probe  
  15  0:36  Gateway  
  15  0:40  Probe  
  16  0:45  Assimilator  
  17  0:51  Probe  
  17  0:53  Assimilator  
  18  0:59  Probe  
  19  1:07  Probe  
  19  1:10  Gateway  
  19  1:17  Probe  
  20  1:23  Cybernetics Core  
  21  1:29  Probe  
  22  1:33  Pylon  
  22  1:41  Probe  
  23  1:53  Probe  
  24  2:00  Stalker x2, Warp Gate  
  28  2:12  Pylon  
  28  2:19  Stargate  
  28  2:30  Stalker  
  30  2:51  Stalker  
  32  2:54  Oracle  
  35  3:06  Shield Battery  
  35  3:20  Nexus  
  35  3:23  Probe  
  36  3:34  Pylon  
  36  3:36  Probe  
  37  3:45  Twilight Council  
  37  3:46  Probe  
  38  3:54  Probe  
  38  3:55  Sentry  
  40  4:02  Probe, Pylon  
  42  4:14  Probe  
  43  4:24  Probe  
  43  4:28  Probe  
  44  4:32  Forge  
  44  4:33  Probe  
  44  4:36  Sentry  
  44  4:37  Probe  
  48  4:41  Probe  
  50  4:47  Probe  
  50  4:51  Sentry, Shield Battery  
  55  5:02  Shield Battery  
  55  5:03  Stalker  
  53  5:16  Stalker  
  53  5:17  Shield Battery, Pylon  
  51  5:29  Stalker  
  53  5:37  Gateway  
  53  5:38  Gateway  
  51  5:44  Stalker  
Show
View Real Time Build Order
Export as new Build Order

ButAlways Protoss - Winner!

Build Orders:  

Get SALT Encoding   

  12  0:00  Probe  
  13  0:12  Probe  
  14  0:16  Pylon  
  14  0:25  Probe  
  15  0:33  Probe  
  15  0:35  Gateway  
  15  0:41  Probe  
  16  0:46  Assimilator  
  17  0:51  Probe  
  17  0:54  Assimilator  
  18  0:59  Probe  
  19  1:07  Probe  
  19  1:14  Gateway  
  19  1:17  Probe  
  20  1:24  Cybernetics Core  
  21  1:29  Probe  
  22  1:35  Pylon  
  22  1:41  Probe  
  23  1:53  Probe  
  24  2:01  Warp Gate  
  24  2:02  Stalker, Sentry  
  24  2:04  Pylon  
  28  2:24  Robotics Facility  
  28  2:32  Stalker  
  29  2:38  Stalker  
  31  2:56  Nexus  
  31  3:04  Sentry  
  33  3:13  Immortal, Pylon  
  37  3:33  Gateway  
  37  3:40  Shield Battery  
  37  3:50  Stalker  
  37  3:52  Warp Prism  
  41  4:05  Sentry  
  41  4:09  Probe  
  44  4:11  Probe  
  45  4:18  Stalker  
  47  4:27  Stalker  
  49  4:33  Observer  
  49  4:37  Stalker  
  52  4:54  Pylon  
  52  4:56  Stalker  
  52  4:57  Stalker  
  54  5:16  Adept  
  54  5:20  Adept x2  
  60  5:37  Stalker  
  60  5:42  Stalker x2  
Tags
 
Add a new tag
Caveats
  • Supply blocks, unpowered buildings, or Contaminate may cause inaccurate times.
  • Supply counts are checked every 10 seconds.